TOP OF THE 1ST |
Binghamton Mets batting - Pitching for Hagerstown Suns : RHP Gary Simmons
|
Pitching: RHP Gary Simmons
|
|
Batting: LHB Mike Condon
|
0-0: Ground out 4-3 (Groundball, 4, EV 84.4 MPH)
|
Batting: LHB Bayesa Mundhir
|
0-0: Ground out 5-3 (Groundball, 5, EV 93.1 MPH)
|
Batting: RHB Bobby Mabrey
|
0-0: Ball 1-0: Ball 2-0: Ball 3-0: Called Strike 3-1: Base on Balls
|
Batting: SHB Julio Ramos
|
0-0: Swinging Strike 0-1: Foul Ball, location: 2F 0-2: Ball 1-2: Ball 2-2: Strikes out swinging
|
Top of the 1st over - 0 runs, 0 hits, 0 errors, 1 left on base; Binghamton 0 - Hagerstown 0 |
BOTTOM OF THE 1ST |
Hagerstown Suns batting - Pitching for Binghamton Mets : RHP Felipe Hinojosa
|
Pitching: RHP Felipe Hinojosa
|
|
Batting: RHB John Savard
|
0-0: Ball 1-0: Ball 2-0: Ball 3-0: Base on Balls
|
Batting: RHB Naofumi Ishida
|
0-0: Ball 1-0: Ball John Savard steals 2nd base (no throw) 2-0: Ball 3-0: Swinging Strike 3-1: Ground out 6-3 (Groundball, 6, EV 82.5 MPH) John Savard to third
|
Batting: LHB Nate Melendez
|
0-0: Ball 1-0: Called Strike 1-1: Ball 2-1: Ball 3-1: Swinging Strike 3-2: Ground out 4-3 (Groundball, 4, EV 101.9 MPH) John Savard scores
|
Batting: RHB Slavik Nebrodov
|
0-0: Called Strike 0-1: Swinging Strike 0-2: Ground out 6-3 (Groundball, 6MS, EV 70.6 MPH)
|
Bottom of the 1st over - 1 run, 0 hits, 0 errors, 0 left on base; Binghamton 0 - Hagerstown 1 |
TOP OF THE 2ND |
Binghamton Mets batting - Pitching for Hagerstown Suns : RHP Gary Simmons
|
Batting: RHB David Stayton
|
0-0: Ground out 5-3 (Groundball, 5S, EV 80.6 MPH)
|
Batting: RHB Lorenzo Vasquez
|
0-0: Ball 1-0: Foul Ball, location: 2F 1-1: Fly out, F4 (Line Drive, 4, EV 75.6 MPH)
|
Batting: SHB Jerry Burrows
|
0-0: SINGLE (Groundball, 34D, EV 105.6 MPH)
|
Batting: LHB Mike Pesek
|
0-0: SINGLE (Groundball, 56D, EV 99.4 MPH) Jerry Burrows to second
|
Batting: RHB Tetsuhiro Taki
|
0-0: Called Strike 0-1: Called Strike 0-2: Foul Ball, location: 2F 0-2: Foul Ball, location: 2F 0-2: Ball 1-2: Ball 2-2: Strikes out swinging
|
Top of the 2nd over - 0 runs, 2 hits, 0 errors, 2 left on base; Binghamton 0 - Hagerstown 1 |
BOTTOM OF THE 2ND |
Hagerstown Suns batting - Pitching for Binghamton Mets : RHP Felipe Hinojosa
|
Batting: LHB Elias Posada
|
0-0: Ground out 4-3 (Groundball, 4, EV 81.9 MPH)
|
Batting: RHB Steve Bauman
|
0-0: Fly out, F7 (Flyball, 7S, EV 86.2 MPH)
|
Batting: RHB Marcus Dawson
|
0-0: Swinging Strike 0-1: Ball 1-1: Fly out, F8 (Line Drive, 8RM, EV 96.2 MPH)
|
Bottom of the 2nd over - 0 runs, 0 hits, 0 errors, 0 left on base; Binghamton 0 - Hagerstown 1 |
TOP OF THE 3RD |
Binghamton Mets batting - Pitching for Hagerstown Suns : RHP Gary Simmons
|
Batting: LHB Mike Condon
|
0-0: Ball 1-0: Foul Ball, location: 2F 1-1: SINGLE (Line Drive, 34, EV 105.6 MPH)
|
Batting: LHB Bayesa Mundhir
|
0-0: Called Strike 0-1: DOUBLE (Line Drive, 9LM, EV 107.5 MPH) Mike Condon to third
|
Batting: RHB Bobby Mabrey
|
0-0: Called Strike 0-1: Ball 1-1: Ball 2-1: Ball 3-1: Base on Balls
|
Batting: SHB Julio Ramos
|
0-0: Called Strike 0-1: Ball 1-1: Hit by Pitch Mike Condon scores Bayesa Mundhir to third Bobby Mabrey to second
|
Batting: RHB David Stayton
|
0-0: Ball Wild Pitch! Bayesa Mundhir scores Bobby Mabrey to third Julio Ramos to second 1-0: Foul Ball, location: 2F 1-1: Fly out, F6 (Popup, 6M, EV 65.0 MPH)
|
Batting: RHB Lorenzo Vasquez
|
0-0: Called Strike 0-1: Ball 1-1: Called Strike 1-2: Strikes out swinging
|
Batting: SHB Jerry Burrows
|
0-0: Called Strike 0-1: Ball 1-1: Ball 2-1: Foul Ball, location: 2F 2-2: Ball 3-2: Foul Ball, location: 2F 3-2: Foul Ball, location: 2F 3-2: Foul Ball, location: 2F 3-2: Foul Ball, location: 2F 3-2: Foul Ball, location: 2F 3-2: Base on Balls
|
Batting: LHB Mike Pesek
|
0-0: Ball 1-0: Foul Ball, location: 2F 1-1: Fielders Choice at 2nd, 5-4 (Groundball, 56, EV 109.4 MPH)
|
Top of the 3rd over - 2 runs, 2 hits, 0 errors, 3 left on base; Binghamton 2 - Hagerstown 1 |
BOTTOM OF THE 3RD |
Hagerstown Suns batting - Pitching for Binghamton Mets : RHP Felipe Hinojosa
|
Batting: RHB Scott Skoglund
|
0-0: Ball 1-0: Foul Ball, location: 2F 1-1: Foul Ball, location: 2F 1-2: Ball 2-2: Ball 3-2: Foul Ball, location: 2F 3-2: Foul Ball, location: 2F 3-2: Fly out, F9 (Flyball, 9LM, EV 88.8 MPH)
|
Batting: RHB Joe Klein
|
0-0: Fly out, F5 (Flyball, 5D, EV 96.9 MPH)
|
Batting: RHB John Savard
|
0-0: Ground out 5-3 (Groundball, 56, EV 91.9 MPH)
|
Bottom of the 3rd over - 0 runs, 0 hits, 0 errors, 0 left on base; Binghamton 2 - Hagerstown 1 |
TOP OF THE 4TH |
Binghamton Mets batting - Pitching for Hagerstown Suns : RHP Gary Simmons
|
Batting: RHB Tetsuhiro Taki
|
0-0: Foul Ball, location: 2F 0-1: Ball 1-1: Foul Ball, location: 2F 1-2: Ground out 6-3 (Groundball, 6M, EV 100.0 MPH)
|
Batting: LHB Mike Condon
|
0-0: Ball 1-0: Ball 2-0: Ball 3-0: Called Strike 3-1: Called Strike 3-2: Base on Balls
|
Batting: LHB Bayesa Mundhir
|
0-0: Ball Mike Condon steals 2nd base 1-0: Ball 2-0: Ball 3-0: Called Strike 3-1: Called Strike 3-2: Base on Balls
|
Batting: RHB Bobby Mabrey
|
0-0: Ball Mike Condon steals 3rd base 1-0: Fielders Choice at 2nd, 4-6 (Groundball, 34, EV 95.6 MPH) Mike Condon scores
|
Batting: SHB Julio Ramos
|
0-0: Called Strike 0-1: Called Strike 0-2: Ball 1-2: Foul Ball, location: 2F 1-2: Strikes out swinging
|
Top of the 4th over - 1 run, 0 hits, 0 errors, 1 left on base; Binghamton 3 - Hagerstown 1 |
BOTTOM OF THE 4TH |
Hagerstown Suns batting - Pitching for Binghamton Mets : RHP Felipe Hinojosa
|
Batting: RHB Naofumi Ishida
|
0-0: Foul Ball, location: 2F 0-1: Called Strike 0-2: Ground out 4-3 (Groundball, 4, EV 83.1 MPH)
|
Batting: LHB Nate Melendez
|
0-0: Ball 1-0: Ball 2-0: Foul Ball, location: 2F 2-1: Ball 3-1: Swinging Strike 3-2: Ground out U3 (Groundball, 34S, EV 78.8 MPH)
|
Batting: RHB Slavik Nebrodov
|
0-0: Ground out 5-3 (Groundball, 56S, EV 90.6 MPH)
|
Bottom of the 4th over - 0 runs, 0 hits, 0 errors, 0 left on base; Binghamton 3 - Hagerstown 1 |
TOP OF THE 5TH |
Binghamton Mets batting - Pitching for Hagerstown Suns : RHP Gary Simmons
|
Pitching: RHP Salvador Medina
|
|
Batting: RHB David Stayton
|
0-0: Ball 1-0: Called Strike 1-1: Ground out U3 (Groundball, 34S, EV 86.9 MPH)
|
Batting: RHB Lorenzo Vasquez
|
0-0: Foul Ball, location: 2F 0-1: Ball 1-1: Swinging Strike 1-2: Foul Ball, location: 2F 1-2: Ball 2-2: Strikes out swinging
|
Batting: SHB Jerry Burrows
|
0-0: Ball 1-0: Called Strike 1-1: Called Strike 1-2: Foul Ball, location: 2F 1-2: Foul Ball, location: 2F 1-2: Strikes out swinging
|
Top of the 5th over - 0 runs, 0 hits, 0 errors, 0 left on base; Binghamton 3 - Hagerstown 1 |
BOTTOM OF THE 5TH |
Hagerstown Suns batting - Pitching for Binghamton Mets : RHP Felipe Hinojosa
|
Batting: LHB Elias Posada
|
0-0: Fly out, F8 (Flyball, 8LS, EV 89.4 MPH)
|
Batting: RHB Steve Bauman
|
0-0: Called Strike 0-1: Swinging Strike 0-2: Foul Ball, location: 2F 0-2: Foul Ball, location: 2F 0-2: Strikes out swinging
|
Batting: RHB Marcus Dawson
|
0-0: Ball 1-0: SINGLE (Groundball, 6M, EV 111.9 MPH) (infield hit)
|
Batting: RHB Scott Skoglund
|
0-0: Ball Marcus Dawson is caught stealing 2nd base 2-4
|
Bottom of the 5th over - 0 runs, 1 hit, 0 errors, 0 left on base; Binghamton 3 - Hagerstown 1 |
TOP OF THE 6TH |
Binghamton Mets batting - Pitching for Hagerstown Suns : RHP Salvador Medina
|
Batting: LHB Mike Pesek
|
0-0: Called Strike 0-1: Ball 1-1: Ground out 5-3 (Groundball, 56, EV 85.0 MPH)
|
Batting: RHB Tetsuhiro Taki
|
0-0: Called Strike 0-1: Swinging Strike 0-2: Ground out 6-3 (Groundball, 6, EV 91.2 MPH)
|
Batting: LHB Mike Condon
|
0-0: Called Strike 0-1: Called Strike 0-2: Strikes out swinging
|
Top of the 6th over - 0 runs, 0 hits, 0 errors, 0 left on base; Binghamton 3 - Hagerstown 1 |
BOTTOM OF THE 6TH |
Hagerstown Suns batting - Pitching for Binghamton Mets : RHP Felipe Hinojosa
|
Batting: RHB Scott Skoglund
|
0-0: Foul Ball, location: 2F 0-1: Ball 1-1: Ball 2-1: Foul Ball, location: 2F 2-2: Strikes out swinging
|
Batting: RHB Joe Klein
|
0-0: Ball 1-0: Called Strike 1-1: SINGLE (Groundball, 56D, EV 103.1 MPH)
|
Batting: RHB John Savard
|
0-0: Ball 1-0: Fielders Choice at 2nd, 4-6 (Groundball, 4, EV 86.9 MPH)
|
Batting: RHB Naofumi Ishida
|
0-0: Called Strike John Savard steals 2nd base (no throw) 0-1: Ground out 3-1 (Groundball, 34, EV 106.2 MPH)
|
Bottom of the 6th over - 0 runs, 1 hit, 0 errors, 1 left on base; Binghamton 3 - Hagerstown 1 |
TOP OF THE 7TH |
Binghamton Mets batting - Pitching for Hagerstown Suns : RHP Salvador Medina
|
Pitching: RHP Tim Schultz
|
|
Batting: LHB Bayesa Mundhir
|
0-0: Ball 1-0: Ball 2-0: Called Strike 2-1: Foul Ball, location: 2F 2-2: Foul Ball, location: 2F 2-2: Strikes out swinging
|
Batting: RHB Bobby Mabrey
|
0-0: Ground out 1-3 (Groundball, 15S, EV 71.2 MPH)
|
Batting: SHB Julio Ramos
|
0-0: Ball 1-0: SOLO HOME RUN (Flyball, 7D, EV 96.9 MPH), Distance : 371 ft
|
Batting: RHB David Stayton
|
0-0: Ball 1-0: Foul Ball, location: 2F 1-1: Ball 2-1: Called Strike 2-2: Ball 3-2: Strikes out swinging
|
Top of the 7th over - 1 run, 1 hit, 0 errors, 0 left on base; Binghamton 4 - Hagerstown 1 |
BOTTOM OF THE 7TH |
Hagerstown Suns batting - Pitching for Binghamton Mets : RHP Felipe Hinojosa
|
Batting: LHB Nate Melendez
|
0-0: Called Strike 0-1: DOUBLE (Line Drive, 9D, EV 90.0 MPH)
|
Batting: RHB Slavik Nebrodov
|
0-0: Called Strike 0-1: Foul Ball, location: 2F 0-2: Ball 1-2: Strikes out swinging
|
Batting: LHB Elias Posada
|
0-0: Foul Ball, location: 2F 0-1: Ground out U3 (Groundball, 3, EV 82.5 MPH) Nate Melendez to third
|
Batting: RHB Steve Bauman
|
0-0: Called Strike 0-1: Foul Ball, location: 2F 0-2: Fly out, F8 (Flyball, 8LD, EV 88.8 MPH)
|
Bottom of the 7th over - 0 runs, 1 hit, 0 errors, 1 left on base; Binghamton 4 - Hagerstown 1 |
TOP OF THE 8TH |
Binghamton Mets batting - Pitching for Hagerstown Suns : RHP Tim Schultz
|
Pitching: RHP Jonathan Arce
|
|
Batting: RHB Lorenzo Vasquez
|
0-0: Ball 1-0: Ball 2-0: Ball 3-0: Called Strike 3-1: Called Strike 3-2: Base on Balls
|
Batting: SHB Jerry Burrows
|
0-0: Reached on error, E6 (Groundball, 4M, EV 79.4 MPH) Lorenzo Vasquez to second
|
Batting: LHB Mike Pesek
|
0-0: Called Strike 0-1: Fly out, F5 (Popup, 25F, EV 90.6 MPH)
|
Batting: RHB Tetsuhiro Taki
|
0-0: Called Strike 0-1: Ball 1-1: Called Strike 1-2: Ball 2-2: SINGLE (Groundball, 4MD, EV 108.1 MPH) (infield hit) Lorenzo Vasquez to third Jerry Burrows to second
|
Batting: LHB Mike Condon
|
0-0: Ball 1-0: Ball 2-0: Foul Ball, location: 2F 2-1: Foul Ball, location: 2F 2-2: Ball 3-2: Base on Balls Lorenzo Vasquez scores Jerry Burrows to third Tetsuhiro Taki to second
|
Batting: LHB Bayesa Mundhir
|
0-0: Called Strike 0-1: Ball 1-1: Called Strike 1-2: Foul Ball, location: 2F 1-2: Foul Ball, location: 2F 1-2: Ball 2-2: Fly out, F9 (Flyball, 9LM, EV 94.4 MPH)
|
Batting: RHB Bobby Mabrey
|
0-0: Called Strike 0-1: Foul Ball, location: 2F 0-2: Ball 1-2: Strikes out looking
|
Top of the 8th over - 1 run, 1 hit, 1 error, 3 left on base; Binghamton 5 - Hagerstown 1 |
BOTTOM OF THE 8TH |
Hagerstown Suns batting - Pitching for Binghamton Mets : RHP Felipe Hinojosa
|
Batting: RHB Marcus Dawson
|
0-0: Foul Ball, location: 2F 0-1: Ball 1-1: Ball 2-1: Ball 3-1: Base on Balls
|
Batting: RHB Scott Skoglund
|
0-0: Called Strike 0-1: Foul Ball, location: 2F 0-2: Strikes out swinging
|
Batting: RHB Joe Klein
|
0-0: Called Strike 0-1: Foul Ball, location: 2F 0-2: Foul Ball, location: 2F 0-2: Strikes out looking
|
Batting: RHB John Savard
|
0-0: Ball 1-0: Ball 2-0: Called Strike 2-1: Ball 3-1: Called Strike 3-2: SINGLE (Flyball, 89S, EV 83.1 MPH) Marcus Dawson to second Marcus Dawson to third
|
Batting: RHB Naofumi Ishida
|
0-0: Called Strike 0-1: Ball 1-1: Foul Ball, location: 2F 1-2: Strikes out looking
|
Bottom of the 8th over - 0 runs, 1 hit, 0 errors, 2 left on base; Binghamton 5 - Hagerstown 1 |
TOP OF THE 9TH |
Binghamton Mets batting - Pitching for Hagerstown Suns : RHP Jonathan Arce
|
Pitching: RHP Isaiah Felton
|
|
Batting: SHB Julio Ramos
|
0-0: Ball 1-0: Ball 2-0: Ball 3-0: Called Strike 3-1: Foul Ball, location: 2F 3-2: Strikes out swinging
|
Batting: RHB David Stayton
|
0-0: Ball 1-0: SINGLE (Groundball, 56S, EV 76.2 MPH) (infield hit)
|
Batting: RHB Lorenzo Vasquez
|
0-0: Ball 1-0: Foul Ball, location: 2F 1-1: Swinging Strike 1-2: Strikes out looking
|
Batting: SHB Jerry Burrows
|
0-0: Called Strike 0-1: Ground out 4-3 (Groundball, 4, EV 103.8 MPH)
|
Top of the 9th over - 0 runs, 1 hit, 0 errors, 1 left on base; Binghamton 5 - Hagerstown 1 |
BOTTOM OF THE 9TH |
Hagerstown Suns batting - Pitching for Binghamton Mets : RHP Felipe Hinojosa
|
Pitching: RHP Jason Vulich
|
|
Batting: LHB Nate Melendez
|
0-0: Called Strike 0-1: Ball 1-1: SOLO HOME RUN (Flyball, 9D, EV 97.5 MPH), Distance : 351 ft
|
Batting: RHB Slavik Nebrodov
|
0-0: Ball 1-0: Called Strike 1-1: Swinging Strike 1-2: Strikes out swinging
|
Batting: LHB Elias Posada
|
0-0: SINGLE (Groundball, 4MS, EV 67.5 MPH) (infield hit)
|
Batting: RHB Steve Bauman
|
0-0: Called Strike 0-1: Fielders Choice at 2nd, 1-6 (Groundball, 13S, EV 64.4 MPH)
|
Batting: RHB Marcus Dawson
|
0-0: Ball 1-0: Ball 2-0: Foul Ball, location: 2F 2-1: Foul Ball, location: 2F 2-2: Ball 3-2: Foul Ball, location: 2F 3-2: Base on Balls Steve Bauman to second
|
Batting: RHB Scott Skoglund
|
0-0: Swinging Strike 0-1: Foul Ball, location: 2F 0-2: Ball 1-2: Ball 2-2: Foul Ball, location: 2F 2-2: Foul Ball, location: 2F 2-2: Ball 3-2: Foul Ball, location: 2F 3-2: Foul Ball, location: 2F 3-2: Foul Ball, location: 2F 3-2: Strikes out swinging
|
Bottom of the 9th over - 1 run, 2 hits, 0 errors, 2 left on base; Binghamton 5 - Hagerstown 2 |
|